 Dungeon Crawl Stone Soup version 0.28.0-53-g5a82cb258f (webtiles) character file.

Game seed: 5350190380684232241

1670 vvl the Stinger (level 8, -8/60 HPs)
             Began as a Demonspawn Venom Mage on Aug 1, 2022.
             Shot with an arrow by a centaur (10 damage)
             ... on level 5 of the Dungeon.
             The game lasted 00:19:38 (7777 turns).

vvl the Stinger (Demonspawn Venom Mage)             Turns: 7777, Time: 00:19:38

Health: -8/60      AC:  3    Str:  7    XL:     8   Next: 69%
Magic:  9/14       EV: 12    Int: 19    God:
Gold:   120        SH:  0    Dex: 13    Spells: 10/15 levels left

rFire   . . .      SeeInvis +   e - +4 flail "Samniami" {venom, +Blink Will+++ Str-2 SInv}
rCold   . . .      Faith    .   (no shield)
rNeg    . . .      Spirit   .   a - +0 robe
rPois   .          Reflect  .   (no helmet)
rElec   .          Harm     .   o - +0 cloak
rCorr   .          Rampage  .   (no gloves)
Will    +++..                   (no boots)
Stlth   ++........              (no amulet)
HPRegen 0.20/turn               (no ring)
MPRegen 0.14/turn               (no ring)

@: no status effects
A: demonic guardian 1, foul stench 1, weakness stinger 1, demonic touch 2
a: Evoke Blink


You were on level 5 of the Dungeon.
You visited 1 branch of the dungeon, and saw 5 of its levels.

You collected 120 gold pieces.

Inventory:

Hand Weapons
 b - a +0 short sword
 e - the +4 flail "Samniami" (weapon) {venom, +Blink Will+++ Str-2 SInv}
   (You found it on level 2 of the Dungeon)

   It poisons the flesh of those it strikes.
   Str:       It affects your strength (-2).
   SInv:      It lets you see invisible.
   +Blink:    It lets you blink.
   Will:      It greatly increases your willpower.
 l - a +1 whip of freezing
 n - a +3 quarterstaff of chaos
Armour
 a - a +0 robe (worn)
 o - a +0 cloak (worn)
Wands
 j - a wand of polymorph (8)
 m - a wand of flame (8)
Scrolls
 d - 3 scrolls of teleportation {unknown}
 f - a scroll of enchant weapon {unknown}
 g - 2 scrolls of fog {unknown}
 i - 2 scrolls of immolation {unknown}
 k - a scroll of vulnerability {unknown}
 p - a scroll of enchant armour {unknown}
Potions
 c - 3 potions of flight {unknown}
 h - a potion of ambrosia {unknown}
 q - a potion of haste {unknown}


   Skills:
 + Level 4.0 Fighting
 + Level 3.1 Maces & Flails
 + Level 1.3 Armour
 - Level 2.0 Dodging
 - Level 2.0 Stealth
 + Level 4.1 Spellcasting
 + Level 1.3 Conjurations
 + Level 3.9 Necromancy
 + Level 3.7 Transmutations
 + Level 1.2 Fire Magic
 + Level 5.0 Poison Magic
 + Level 3.6 Evocations


You had 10 spell levels left.
You knew the following spells:

 Your Spells              Type           Power      Damage    Failure   Level
a - Sting                 Tmut/Pois      80%        1d7       2%          1
b - Olgreb's Toxic Radia  Pois           23%        N/A       17%         4

Your spell library contained the following spells:

 Spells                   Type           Power      Damage    Failure   Level
 Poisonous Vapours        Pois/Air       26%        N/A       8%          2
 Foxfire                  Conj/Fire      32%        2x1d5     9%          1
 Mephitic Cloud           Conj/Pois/Air  12%        N/A       17%         3
 Conjure Flame            Conj/Fire      8%         6-21      24%         3
 Inner Flame              Hex/Fire       6%         N/A       32%         3
 Flame Wave               Conj/Fire      8%         2d5       63%         4


Dungeon Overview and Level Annotations

Branches:
Dungeon (5/15)
 Temple: D:4-7

Altars:

Annotations:
D:3 1 transporter, SanguineChosen's ghost, weakling MiBe


Innate Abilities, Weirdness & Mutations

A weak demonic guardian rushes to your aid.
You may rarely emit foul miasma when damaged in melee.
You have a small tail.
Your touch may inflict irresistible damage on your foes.


Message History

A centaur and a jelly come into view.
Found 16 bolts.
The bullfrog skeleton misses you.
You sock the bullfrog skeleton!
You touch the bullfrog skeleton!
The bullfrog skeleton is heavily damaged.
The centaur shouts!
The jelly quivers.
The jelly jiggles.
The bullfrog skeleton hits you.
Casting: Sting (safe; 2% risk of failure)
Confirm with . or Enter, or press ? or * to list all spells.
You begin to radiate toxic energy.
The centaur is poisoned.
The orc is poisoned.
The bullfrog skeleton hits you. The orc hits you but does no damage.
The bullfrog skeleton hits you but does no damage.
The centaur looks even sicker.
You kill the orc!
Your toxic aura wanes.
The centaur wields a +0 shortbow.
The centaur shoots an arrow.
The arrow hits you.
The centaur shoots an arrow.
The arrow barely misses you.
The centaur shoots an arrow.
The arrow hits you!
* * * LOW HITPOINT WARNING * * *
A demonic guardian appears!
The centaur shoots an arrow.
The arrow hits you.
* * * LOW HITPOINT WARNING * * *
The bullfrog skeleton completely misses you.
The bullfrog skeleton hits you.
* * * LOW HITPOINT WARNING * * *
You hit the bullfrog skeleton.
You touch the bullfrog skeleton.
The bullfrog skeleton is almost destroyed.
The centaur unwields a +0 shortbow.
The centaur hits your iron imp.
The centaur closely misses your iron imp.
The bullfrog skeleton hits you.
* * * LOW HITPOINT WARNING * * *
The centaur wields a +0 shortbow.
The centaur shoots an arrow.
The arrow hits your iron imp!
The centaur shoots an arrow.
The arrow completely misses your iron imp.
The arrow completely misses the bullfrog skeleton.
The arrow hits you!
You die...

...##..# # ...............
.......#.# .............####(
.......#.# ......)..........#
........... #....c.........#
.......# ...##.###...........
......## #.... ###.........
.......####....#####.........
........##........###c.......
###....###..# #.@Z.5.........
###....(....# ###.J...##.....
##...#.##....# #............
###.######...####.#......#...
.....(...#.#...#..#..........
...#..#..#.#.................
...#..#...............####..
#..#..#....#...........# ..
#........#............##


You could see a centaur (poisoned), a jelly, a bullfrog skeleton (ally target)
and a friendly iron imp (summoned).

Vanquished Creatures
  Pikel (D:4)
  Prince Ribbit (D:5)
  Grinder (D:4)
  2 water moccasins (D:5)
  2 lemures
  An orc priest (D:4)
  4 hounds
  Crazy Yiuf (D:4)
  A centaur skeleton (D:5)
  A bullfrog skeleton (D:3)
  2 iguanas (D:4)
  4 orc wizards
  Natasha (twice) (D:3)
  2 gnolls (D:2)
  2 adders
  2 adder skeletons (D:4)
  An adder zombie (D:5)
  3 dart slugs
  3 worms
  21 orcs
  8 ball pythons
  8 bats
  5 endoplasms
  3 giant cockroaches
  6 goblins
  4 hobgoblins
  6 jackals
  6 kobolds
  5 quokkas
  3 frilled lizards
  2 rats (D:3)
113 creatures vanquished.

Vanquished Creatures (collateral kills)
  An orc priest (D:3)
  A gnoll (D:2)
  An orc (D:4)
3 creatures vanquished.

Grand Total: 116 creatures vanquished

Notes
Turn   | Place    | Note
-------+----------+-------------------------------------------
     0 | D:1      | vvl the Demonspawn Venom Mage began the quest for the Orb.
     0 | D:1      | Reached XP level 1. HP: 13/13 MP: 3/3
   135 | D:1      | Reached skill level 1 in Transmutations
   406 | D:1      | Gained mutation: You may rarely emit foul miasma when
                  | damaged in melee. [demonic ancestry]
   406 | D:1      | Reached XP level 2. HP: 20/20 MP: 1/5
  1427 | D:1      | Reached XP level 3. HP: 23/25 MP: 0/6
  1537 | D:1      | Reached skill level 1 in Fighting
  2237 | D:2      | Found a faded altar of an unknown god.
  2399 | D:2      | Identified the +4 flail "Samniami" {venom, +Blink Will+++
                  | Str-2 SInv}
  2560 | D:2      | Gained mutation: A weak demonic guardian rushes to your
                  | aid. [demonic ancestry]
  2560 | D:2      | Reached XP level 4. HP: 19/32 MP: 2/7
  3576 | D:3      | Noticed Natasha
  3581 | D:3      | Killed Natasha
  3582 | D:3      | Reached skill level 1 in Necromancy
  3590 | D:3      | Noticed Natasha
  3597 | D:3      | Killed Natasha
  3598 | D:3      | Reached skill level 1 in Evocations
  3737 | D:3      | Discovered your monstrous ancestry.
  3737 | D:3      | Gained mutation: You have a small tail. [demonic ancestry]
  3737 | D:3      | Reached XP level 5. HP: 37/37 MP: 6/8
  4828 | D:4      | Reached skill level 1 in Maces & Flails
  4908 | D:4      | Noticed Grinder
  4937 | D:4      | Killed Grinder
  4938 | D:4      | Reached skill level 4 in Poison Magic
  4938 | D:4      | Gained mutation: Your touch may inflict minor irresistible
                  | damage on your foes. [demonic ancestry]
  4938 | D:4      | Reached XP level 6. HP: 32/46 MP: 1/10
  5383 | D:4      | Noticed Pikel
  5710 | D:3      | Gained mutation: Your touch may inflict irresistible damage
                  | on your foes. [demonic ancestry]
  5710 | D:3      | Reached XP level 7. HP: 27/51 MP: 3/11
  5912 | D:3      | Found a transporter.
  5912 | D:3      | Noticed SanguineChosen's ghost (weakling MiBe)
  6441 | D:4      | Killed Pikel
  6442 | D:4      | Reached XP level 8. HP: 26/58 MP: 4/13
  6760 | D:4      | Found a runed translucent door.
  6761 | D:4      | Noticed Crazy Yiuf
  6984 | D:4      | Killed Crazy Yiuf
  7302 | D:5      | Entered Level 5 of the Dungeon
  7302 | D:5      | Noticed Prince Ribbit
  7376 | D:5      | Learned a level 4 spell: Olgreb's Toxic Radiance
  7541 | D:5      | Killed Prince Ribbit
  7542 | D:5      | Reached skill level 1 in Armour
  7556 | D:5      | Reached skill level 1 in Conjurations
  7556 | D:5      | Reached skill level 1 in Fire Magic
  7556 | D:5      | Reached skill level 5 in Poison Magic
  7775 | D:5      | HP: 2/60 [bullfrog skeleton (4)]
  7777 | D:5      | Shot with an arrow by a centaur

Illustrated notes

Levels and vault maps discovered:
D:1:      dpeg_arrival_water_fire, layout_basic, minmay_distorted
D:2:      layout_basic, shapermc_ecumenical_altar_totnotflames
D:3:      layout_basic, gammafunk_ghost_smash, grunt_decor_resistance,
          uniq_natasha
D:4:      layout_gridville, uniq_grinder, uniq_pikel, uniq_crazy_yiuf_cottage
D:5:      layout_cave_pools, mainiacjoe_overflow_small_starburst,
          uniq_prince_ribbit1

Skill      XL: |  1  2  3  4  5  6  7  8 |
---------------+-------------------------+-----
Transmutations | 1 2 3 |  3.7
Stealth        | 2 |  2.0
Dodging        | 2 |  2.0
Fighting       | 1 2 3 4 |  4.0
Necromancy     | 1 2 3 |  3.9
Evocations     | 1 2 3 |  3.6
Maces & Flails | 1 2 3 |  3.1
Spellcasting   | 3 4 |  4.1
Poison Magic   | 4 5 |  5.0
Armour         | 1 |  1.3
Conjurations   | 1 |  1.3
Fire Magic     | 1 |  1.2

Action                   |  1- 3 |  4- 6 |  7- 9 || total
-------------------------+-------+-------+-------++-------
Melee: Unarmed           |    16 |       |       ||    16
       Short sword       |     4 |       |       ||     4
       Flail             |     3 |    47 |    29 ||    79
       Tailslap          |       |     6 |     5 ||    11
       Touch             |       |     5 |     7 ||    12
 Cast: Sting             |    64 |   108 |    86 ||   258
       Olgreb's Toxic Ra |       |       |     1 ||     1
Armor: Robe              |     7 |    10 |    18 ||    35
Dodge: Dodged            |    30 |    61 |    64 ||   155
